 Dungeon Crawl Stone Soup version 0.21-a0-227-g58a7c62 (webtiles) character file.

44 Blomdor the Chopper (level 3, -2/28 HPs)
             Began as a Barachi Skald on Aug 30, 2017.
             Was an Initiate of Okawaru.
             Slain by Terence
             ... wielding a +0 hand axe
              (8 damage)
             ... on level 2 of the Dungeon.
             The game lasted 00:01:49 (803 turns).

Blomdor the Chopper (Barachi Skald)                  Turns: 803, Time: 00:01:50

Health: -2/28      AC:  3    Str: 13    XL:     3   Next: 62%
Magic:  6/6        EV: 12    Int: 13    God:    Okawaru [......]
Gold:   58         SH:  0    Dex: 11    Spells: 5/6 levels left

rFire    . . .     SeeInvis .   a - +0 hand axe
rCold    . . .     Gourm    .   (no shield)
rNeg     . . .     Faith    .   b - +0 leather armour
rPois    .         Spirit   .   (no helmet)
rElec    .         Reflect  .   (no cloak)
rCorr    .         Harm     .   (no gloves)
MR       .....                  (no boots)
Stlth    +.........             (no amulet)
HPRegen  0.09/turn              (no ring)
MPRegen  0.10/turn              (no ring)

@: slow
A: +LOS, swims, slowness 1, strong legs 1
a: Hop, Renounce Religion


You were on level 2 of the Dungeon.
You worshipped Okawaru.
Okawaru was noncommittal.
You were not hungry.

You visited 1 branch of the dungeon, and saw 2 of its levels.

You collected 58 gold pieces.

Inventory:

Hand Weapons
 a - a +0 hand axe (weapon)
Armour
 b - a +0 leather armour (worn)
Scrolls
 h - 2 scrolls of blinking {unknown}
 i - a scroll of remove curse {unknown}
Potions
 e - a potion of heal wounds {unknown}
 g - a potion of lignification {unknown}
Books
 c - a book of Battle

   Spells                             Type                      Level
   a - Infusion                       Charms                       1
   b - Shroud of Golubria             Charms/Translocation         2
   c - Song of Slaying                Charms                       2
   d - Spectral Weapon                Hexes/Charms                 3
   e - Regeneration                   Charms/Necromancy            3
Comestibles
 d - a bread ration
 f - 3 chunks of flesh


   Skills:
 - Level 2.4 Fighting
 * Level 4.2 Axes
 - Level 1.2 Armour
 - Level 2.1 Dodging
 - Level 2.1 Spellcasting
 - Level 3.2 Charms


You had 5 spell levels left.
You knew the following spells:

 Your Spells              Type           Power        Failure   Level  Hunger
a - Infusion              Chrm           #...         9%          1    ##.....


Dungeon Overview and Level Annotations

Branches:
Dungeon (2/15)

Altars:
Okawaru

Annotations:
D:2 Terence


Innate Abilities, Weirdness & Mutations

Shadows flee at your approach. (+LOS)
You can swim through water.
You cover ground slowly.
You can hop short distances.


Message History

Terence is almost dead.
Terence hits you with a hand axe.
You hit Terence but do no damage.
Terence is almost dead.
Terence hits you with a hand axe.
You hit Terence but do no damage.
Terence is almost dead.
Terence shouts, "DIE!!!"
Terence hits you with a hand axe.
A jackal comes into view.
You closely miss Terence.
Terence is almost dead.
Terence hits you with a hand axe.
* * * LOW HITPOINT WARNING * * *
A jackal comes into view.
The jackal barks!
You hit Terence.
Terence is almost dead.
Terence hits you with a hand axe!
You die...

##. .. ..# ...
..# .h# ####
..#.h.# ##...
..#...# #.....
......#. #.#...♣
..#.....
##....♣@♣......(.
#....♣.♣@♣....
#...♣.♣.♣.♣..
#..♣.♣._.♣.♣
#...♣.♣.♣.♣..
#....♣.♣.♣...#
#.....♣.♣....#
#..#...♣...#.#
#............#
#.#.######.###


You could see Terence and 2 jackals.

Vanquished Creatures
  2 oozes (D:1)
  A dart slug (D:1)
  2 leopard geckos (D:1)
  A ball python (D:2)
  4 goblins (D:1)
  4 hobgoblins (D:1)
  2 jackals (D:1)
  6 kobolds (D:1)
  3 bats
  A frilled lizard (D:1)
  3 rats (D:1)
29 creatures vanquished.

Vanquished Creatures (others)
  A plant (D:1)
1 creature vanquished.

Grand Total: 30 creatures vanquished

Notes
Turn   | Place    | Note
-------+----------+-------------------------------------------
     0 | D:1      | Blomdor the Barachi Skald began the quest for the Orb.
     0 | D:1      | Reached XP level 1. HP: 17/17 MP: 3/3
    30 | D:1      | Reached skill level 3 in Axes
    30 | D:1      | Reached XP level 2. HP: 23/23 MP: 5/5
   217 | D:1      | Reached XP level 3. HP: 12/28 MP: 6/6
   557 | D:1      | Reached skill level 4 in Axes
   763 | D:2      | Found an iron altar of Okawaru.
   782 | D:2      | Became a worshipper of Warmaster Okawaru
   784 | D:2      | Noticed Terence
   803 | D:2      | Slain by Terence

Vault maps used:
D:1:      erik_arrival_triangle_small, lexackson_kobold_supper
D:2:      okawaru_trees_2, nicolae_overflow_crystal_walls,
          chequers_ecumenical_altar_island, fountainhead, uniq_terence

Skill      XL: |  1  2  3 |
---------------+----------+-----
Axes           | 3 4 |  4.2
Fighting       | |  2.4
Armour         | |  1.2
Dodging        | |  2.1
Spellcasting   | |  2.1
Charms         | |  3.2

Action                   || total
-------------------------++-------
Melee: Hand axe          ||   100
Armor: Leather armour    ||    20
Dodge: Dodged            ||    57

Table legend:
 A = Spawn XP
 B = Non-spawn XP
 C = Spawn XP percentage of total XP
 D = Spawn monster count
 E = Non-spawn monster count
 F = Spawn count percentage of total count
 G = Total turns spent on level
                    A         B        C        D         E        F      G
               +---------+---------+-------+---------+---------+-------+---------
         Total |      13 |      51 |  20.3 |       3 |      26 |  10.3 |   803
               +---------+---------+-------+---------+---------+-------+---------
           D:1 |      13 |      46 |  22.0 |       3 |      23 |  11.5 |   762
           D:2 |       0 |       5 |   0.0 |       0 |       3 |   0.0 |    41
               +---------+---------+-------+---------+---------+-------+---------
